 Dungeon Crawl Stone Soup version 0.28.0-53-g5a82cb258f (webtiles) character file.

Game seed: 18090013573158062534

36 Sin92 the Skirmisher (level 3, -1/29 HPs)
             Began as a Demonspawn Fighter on July 5, 2022.
             Slain by Sigmund
             ... wielding a +0 scythe of venom
              (10 damage)
             ... on level 2 of the Dungeon.
             The game lasted 00:01:13 (1226 turns).

Sin92 the Skirmisher (Demonspawn Fighter)           Turns: 1226, Time: 00:01:13

Health: -1/29      AC:  7    Str: 16    XL:     3   Next: 19%
Magic:  3/3        EV:  7    Int:  9    God:
Gold:   13         SH:  8    Dex: 14    Spells: 2/2 levels left

rFire   . . .      SeeInvis .   a - +0 long sword
rCold   . . .      Faith    .   k - +0 kite shield
rNeg    . . .      Spirit   .   b - +0 scale mail
rPois   .          Reflect  .   (no helmet)
rElec   .          Harm     .   (no cloak)
rCorr   .          Rampage  .   (no gloves)
Will    .....                   (no boots)
Stlth   ..........              (no amulet)
HPRegen 0.09/turn               (no ring)
MPRegen 0.08/turn               (no ring)

@: lethally poisoned (-1 -> -6)
A: rugged brown scales 1, demonic magic 1
a: no special abilities


You were on level 2 of the Dungeon.
You visited 1 branch of the dungeon, and saw 2 of its levels.

You collected 13 gold pieces.

Inventory:

Hand Weapons
 a - a +0 long sword (weapon)
Armour
 b - a +0 scale mail (worn)
 c - a +0 buckler
 k - a +0 kite shield (worn)
Scrolls
 f - 2 scrolls of identify {unknown}
 g - a scroll of teleportation {unknown}
 i - a scroll of blinking {unknown}
Potions
 d - a potion of might
 e - a potion of flight {unknown}
 h - a potion of lignification {unknown}
 j - a potion of mutation {unknown}


   Skills:
 + Level 3.3 Fighting
 + Level 2.2 Long Blades
 + Level 3.0 Armour
 + Level 3.0 Shields


You had 2 spell levels left.
You didn't know any spells.
Your spell library contained the following spells:

 Spells                   Type           Power      Damage    Failure   Level
 Animate Skeleton         Necr           0%         N/A       99%         1
 Pain                     Necr           0%         1d4       99%         1
 Vampiric Draining        Necr           0%         2d6       100%        3


Dungeon Overview and Level Annotations

Branches:
Dungeon (2/15)

Altars:

Annotations:
D:2 Sigmund


Innate Abilities, Weirdness & Mutations

You are partially covered in rugged brown scales. (AC +1, +3% HP)
Spells you cast may paralyse adjacent enemies.


Message History

Unknown command.
A frilled lizard is nearby!
You completely miss the frilled lizard. You block the frilled lizard's attack.
The frilled lizard bites you.
You hit the frilled lizard.
You kill the frilled lizard!
Unknown command.
Unknown command.
HP restored.
A quokka comes into view.
A goblin comes into view. It is wielding a +0 club.
The goblin shouts!
A quokka comes into view.
Sigmund the Dreaded comes into view.
He is wielding a +0 scythe of venom.
Sigmund shouts!
The quokka closely misses you.
Unknown command.
There are monsters nearby!
There are monsters nearby!
You slash the quokka!
You kill the quokka!
Sigmund points at you and mumbles some strange words.
The magic dart hits you!
Unknown command.
There are monsters nearby!
Found 15 gold pieces.
The goblin hits you with a +0 club.
Unknown command.
There are monsters nearby!
You barely miss the goblin. The quokka barely misses you.
The goblin hits you but does no damage.
Sigmund hits you from afar with a +0 scythe of venom.
You are poisoned.
The quokka bites you but does no damage.
Unknown command.
You hit the goblin.
The goblin is heavily wounded.
You feel very sick. You block the goblin's attack. The quokka bites you.
Sigmund hits you from afar with a +0 scythe of venom!
You die...

.........###.....<...
.....................
.......#####.####...
#.†.##....# #
..####......####
........††###
.#.###.#..#
.....#..###
.......@†.#
.........gr......
##.#.....@.......
...#............. .#
##............
..............
.##............
#..$.........


You could see Sigmund, a quokka and a goblin.

Vanquished Creatures
  5 ball pythons
  3 bats (D:1)
  4 endoplasms (D:1)
  A giant cockroach (D:1)
  3 goblins (D:1)
  6 hobgoblins (D:1)
  A quokka (D:2)
  2 frilled lizards
  3 kobolds (D:1)
  4 rats
32 creatures vanquished.

Vanquished Creatures (others)
  2 demonic plants (D:1)
  A plant (D:1)
  A withered plant (D:1)
4 creatures vanquished.

Grand Total: 36 creatures vanquished

Notes
Turn   | Place    | Note
-------+----------+-------------------------------------------
     0 | D:1      | Sin92 the Demonspawn Fighter began the quest for the Orb.
     0 | D:1      | Reached XP level 1. HP: 18/18 MP: 1/1
   212 | D:1      | Gained mutation: You are partially covered in rugged brown
                  | scales. (AC +1, +3% HP) [demonic ancestry]
   212 | D:1      | Reached XP level 2. HP: 5/24 MP: 2/2
   700 | D:1      | Found a faded altar of an unknown god.
   975 | D:1      | Gained mutation: Spells you cast may paralyse adjacent
                  | enemies. [demonic ancestry]
   975 | D:1      | Reached XP level 3. HP: 28/29 MP: 3/3
  1221 | D:2      | Noticed Sigmund
  1226 | D:2      | Slain by Sigmund

Illustrated notes

Levels and vault maps discovered:
D:1:      dpeg_arrival_chambers_temple_mockup, layout_loops_ring, serial_forest,
          infiniplex_forest_fountain, infiniplex_forest_end_1,
          infiniplex_forest_clump_small, infiniplex_forest_corner_1,
          infiniplex_forest_clump_cross, shapermc_ecumenical_altar_gd
D:2:      layout_rooms, minmay_box_of_dots, uniq_sigmund

Skill      XL: |  1  2 |
---------------+-------+-----
Long Blades    | 2 |  2.2
Shields        | 3 |  3.0
Armour         | 3 |  3.0
Fighting       | |  3.3

Action                   || total
-------------------------++-------
Melee: Long sword        ||    87
Armor: Scale mail        ||    42
Dodge: Dodged            ||    41
Block: Buckler           ||    12
       Kite shield       ||    13
